 Dungeon Crawl Stone Soup version 0.29-a0-664-gff9cad4a3d (webtiles) character file.

Game seed: 4143962718958041158

34773 Kaemin the Stickfighter (level 13, -14/118 HPs)
             Began as a Minotaur Berserker on June 20, 2022.
             Was a Priest of Trog.
             Demolished by Mlioglotl (28 damage)
             ... on level 1 of the Spider Nest on June 23, 2022.
             The game lasted 01:33:19 (14654 turns).

Kaemin the Stickfighter (Minotaur Berserker)       Turns: 14654, Time: 01:33:19

Health: -14/118    AC: 22    Str: 32    XL:     13   Next: 44%
Magic:  12/12      EV: 11    Int:  8    God:    Trog [***...]
Gold:   720        SH:  0    Dex: 17    Spells: 12/12 levels left

rFire   . . .      SeeInvis .   J - +12 lajatang "Eviscerator" {distort, *Slow rN+ Int+4 Stlth+}
rCold   . . .      Faith    .   (shield currently unavailable)
rNeg    + . .      Spirit   .   T - +0 plate armour
rPois   .          Reflect  .   h - +1 hat
rElec   .          Harm     .   A - +1 cloak {rCorr}
rCorr   +          Rampage  .   (no gloves)
Will    ++...                   U - +1 pair of boots
Stlth   ..........              r - amulet of the acrobat
HPRegen 1.29/turn               n - +6 ring of strength
MPRegen 0.13/turn               S - +6 ring of dexterity

@: afraid, strong-willed, on berserk cooldown, regenerating, slowed, very slow
A: horns 2, retaliatory headbutt
a: Renounce Religion, Berserk, Trog's Hand


You were on level 1 of the Spider Nest.
You worshipped Trog.
Trog was most pleased with you.
You visited 3 branches of the dungeon, and saw 13 of its levels.
You also visited: Volcano.

You collected 720 gold pieces.

Inventory:

Hand Weapons
 a - a +1 mace
 c - a +3 dagger of holy wrath
 i - a +0 dagger of venom
 B - a +4 quarterstaff of chaos
 J - the +12 lajatang "Eviscerator" (weapon) {distort, *Slow rN+ Int+4 Stlth+}
   (You found it on level 7 of the Dungeon)

   It warps and distorts space around it, and may blink, banish, or inflict
   extra damage upon those it strikes.
   Unwielding it can cause banishment or high damage.
   Int:       It affects your intelligence (+4).
   rN:        It protects you from negative energy.
   *Slow:     It may slow you when you take damage.
   Stlth:     It makes you more stealthy.
 Q - a +2 glaive of flaming
Missiles
 k - 10 boomerangs (quivered)
 l - 19 poisoned darts
 G - 2 throwing nets
Armour
 h - a +1 hat (worn)
 x - a +3 tower shield
 A - a +1 cloak of preservation (worn)
 O - +2 steam dragon scales
 T - a +0 plate armour (worn)
 U - a +1 pair of boots (worn)
Jewellery
 b - an amulet of magic regeneration
 n - a +6 ring of strength (left hand)
 r - an amulet of the acrobat (around neck)
 u - an amulet of regeneration
 D - a ring of protection from fire
 K - an amulet of reflection
 L - a ring of wizardry
 S - a +6 ring of dexterity (right hand)
Wands
 s - a wand of flame (29)
 w - a wand of paralysis (27)
 F - a wand of polymorph (16)
 M - a wand of digging (4)
 P - a wand of acid (6)
 R - a wand of iceblast (18)
Scrolls
 e - 9 scrolls of teleportation
 z - a scroll of noise
 N - 4 scrolls of fog
 W - a scroll of amnesia
 X - a scroll of torment
Potions
 d - a potion of invisibility {unknown}
 f - 4 potions of brilliance
 g - 3 potions of haste
 j - 7 potions of ambrosia
 m - a potion of lignification {unknown}
 p - 2 potions of flight
 q - 3 potions of mutation
 t - a potion of might {unknown}
 v - 2 potions of berserk rage
 H - 2 potions of attraction {unknown}
 I - a potion of degeneration {unknown}


   Skills:
 + Level 12.2 Fighting
 + Level 2.3 Short Blades
 + Level 10.2(14.1) Maces & Flails
 + Level 15.4(16.5) Staves
 + Level 5.1 Throwing
 + Level 13.7 Armour
 + Level 4.7 Dodging
 + Level 2.1 Stealth
 + Level 6.5 Shields
 + Level 1.1 Unarmed Combat
 + Level 1.2 Evocations


You had 12 spell levels left.
You didn't know any spells.
Your spell library contained the following spells:

 Spells                   Type           Power      Damage    Failure   Level
 Summon Guardian Golem    Hex/Summ       0%         N/A       100%        3
 Orb of Destruction       Conj           0%         9d5       100%        7
 Spellforged Servitor     Conj/Summ      0%         N/A       100%        7


Dungeon Overview and Level Annotations

Branches:
Dungeon (8/15)             Temple (0/1) D:4            Lair (4/6) D:8
 Spider (1/4) Lair:4      Volcano (visited)
  Swamp: Lair:2-4    Shoals: Lair:2-4

Altars:
Cheibriados
Okawaru
Qazlal
Xom
Yredelemnul

Portals:
Abyss: Lair:2

Annotations:
Lair:2 2 transporters, omnomnOMINOUS's ghost, journeyman OpWn
Spider:1 Mlioglotl


Innate Abilities, Weirdness & Mutations

You have a pair of horns on your head.
You reflexively headbutt those who attack you in melee.


Message History

Mlioglotl churns violently!
Mlioglotl corrupts the dungeon around him!
You slash Mlioglotl!
Space warps horribly around Mlioglotl!
Mlioglotl is heavily wounded.
Mlioglotl churns violently!
Mlioglotl radiates an aura of fear!
You are terrified of Mlioglotl!
A redback comes into view.
Mlioglotl hits you but does no damage.
Mlioglotl tramples you but does no damage.
You're still recovering from your berserk rage.
You feel better. Mlioglotl hits you!
Mlioglotl tramples you but does no damage.
The rust devil closely misses you. Mlioglotl hits you!
Mlioglotl tramples you but does no damage.
The rust devil hits you.
You slice the rust devil!!
Space warps horribly around the rust devil!
The rust devil is severely wounded.
Mlioglotl churns violently!
Mlioglotl corrupts the dungeon around him!
The rust devil hits you.
You slash the rust devil!
You kill the rust devil!
The rust devil disappears in a puff of smoke!
Mlioglotl churns violently!
Mlioglotl corrupts the dungeon around him!
Mlioglotl closely misses you. Mlioglotl tramples you!!
* * * LOW HITPOINT WARNING * * *
You hold your ground!
The chaos spawn growls angrily.
As you read the scroll of summoning, it crumbles to dust.
Wisps of shadow whirl around you... The redback bites you!
* * * LOW HITPOINT WARNING * * *
Mlioglotl hits you but does no damage. Mlioglotl tramples you!
* * * LOW HITPOINT WARNING * * *
You hold your ground!
The redback barely misses you.
A starcursed mass splits.
Mlioglotl completely misses you. Mlioglotl tramples you!!
You die...

......##.?...**,,,,,,,*****,***,,
....#..#*,..#*,,,**,,..* *** ***
^..#####,,,,.*,,,*,,.X## ***
#.....###,,####**####.X#* **,,
..#...#.####..##,.#....,* *,,,
..###....##^...##....#,^* **,,
#..#....###.#....4.3###,* *,,^
######..^###>..s§XX..^##* **,,
#..##....w.@s.....$* ****,,,
##.......(#§§.#.#.#* *,,*,,,
##....#.#[###.##**** **,,,,,
#...#.##### *## *******,,,,
###.### **,,*,***,,* ### *,,,,,*
*,,, ***,,^,***,,, **,*,,,,,,,,,,
*,,*,,,,,,,,**


You could see 2 starcursed masses, Mlioglotl (strong, scary, ally target), a
large abomination (summoned), a ynoxinul (summoned), a chaos spawn (summoned), a
redback (ally target), a friendly steelbarb worm (summoned) and a friendly orb
spider (summoned).

Vanquished Creatures
  An entropy weaver (Spider:1)
  A fire dragon (Volcano)
  Harold (Lair:1)
  2 hydras (Lair:3)
  A radroach (Spider:1)
  6 death yaks (D:8)
  3 lindwurms (Volcano)
  Pikel (D:7)
  4 wolf spiders (Spider:1)
  Joseph (D:7)
  2 black mambas
  4 smoke demons (Volcano)
  2 demonic crawlers (Spider:1)
  A torpor snail (Spider:1)
  Maggie (Lair:1)
  4 cane toads
  6 komodo dragons
  A rime drake (Lair:3)
  3 meliai (Spider:1)
  A queen bee (Lair:3)
  Grinder (D:5)
  A tarantella (Spider:1)
  8 blink frogs
  7 jumping spiders (Spider:1)
  4 culicivoras (Lair:4)
  3 wyverns
  A shadow (D:8)
  19 yaks
  A basilisk (Lair:1)
  4 steam dragons
  6 redbacks
  Edmund (D:5)
  4 hell hounds (Volcano)
  4 water moccasins
  A black bear (D:8)
  An ice beast (D:7)
  4 sky beasts
  2 ogres
  A centaur (D:8)
  4 wolves (Lair:1)
  2 kobold brigands
  14 bullfrogs
  4 scorpions
  A gnoll sergeant (D:5)
  2 necrophages
  26 killer bees
  2 jellies
  An orc priest (D:8)
  Crazy Yiuf (D:5)
  3 hounds (D:5)
  Jessica (D:3)
  12 iguanas
  4 orc wizards
  Robin (D:2)
  9 gnolls
  10 adders
  2 white imps
  An adder zombie (D:2)
  2 worms
  3 dart slugs
  29 orcs
  8 ball pythons
  6 bats
  A bat zombie (D:2)
  7 endoplasms
  5 giant cockroaches
  14 goblins
  13 hobgoblins
  4 jackals (D:2)
  15 kobolds
  6 quokkas
  A ball python skeleton (D:2)
  A ball python zombie (D:2)
  2 frilled lizards
  8 rats
344 creatures vanquished.

Vanquished Creatures (others)
  12 fungi
  11 plants
23 creatures vanquished.

Grand Total: 367 creatures vanquished

Notes
Turn   | Place    | Note
-------+----------+-------------------------------------------
     0 | D:1      | Kaemin the Minotaur Berserker began the quest for the Orb.
     0 | D:1      | Reached XP level 1. HP: 19/19 MP: 0/0
    83 | D:1      | Reached XP level 2. HP: 21/27 MP: 1/1
   628 | D:1      | Reached XP level 3. HP: 33/33 MP: 2/2
  1001 | D:2      | Found a shimmering altar of Xom.
  1002 | D:2      | Reached ** piety under Trog
  1059 | D:2      | Found an iron altar of Okawaru.
  1457 | D:2      | Found a faded altar of an unknown god.
  1596 | D:2      | Reached XP level 4. HP: 38/41 MP: 3/3
  1617 | D:2      | Noticed Robin
  1620 | D:2      | Reached skill level 5 in Maces & Flails
  1635 | D:2      | Killed Robin
  2492 | D:3      | Reached *** piety under Trog
  2533 | D:3      | Noticed a scorpion
  2537 | D:3      | Killed a scorpion
  2538 | D:3      | Reached XP level 5. HP: 43/47 MP: 4/4
  2794 | D:3      | Identified the +2 leather armour "Sufusic" {Dex+4}
  2945 | D:3      | Noticed Jessica
  2958 | D:3      | Killed Jessica
  3190 | D:4      | Noticed a sky beast
  3197 | D:4      | Killed a sky beast
  3198 | D:4      | Reached skill level 1 in Short Blades
  3198 | D:4      | Reached XP level 6. HP: 55/55 MP: 5/5
  3497 | D:4      | Found a staircase to the Ecumenical Temple.
  3537 | D:4      | Reached skill level 5 in Fighting
  3537 | D:4      | Reached skill level 1 in Stealth
  3882 | D:5      | Entered Level 5 of the Dungeon
  3933 | D:5      | Noticed Edmund
  3933 | D:5      | Noticed Grinder
  4034 | D:5      | Reached XP level 7. HP: 53/61 MP: 6/6
  4038 | D:5      | Reached skill level 5 in Armour
  4391 | D:5      | Killed Edmund
  4392 | D:5      | Reached skill level 1 in Shields
  4601 | D:5      | Paralysed by Grinder for 3 turns
  4608 | D:5      | Killed Grinder
  4609 | D:5      | Reached XP level 8. HP: 42/69 MP: 7/7
  4836 | D:5      | Found a runed translucent door.
  4837 | D:5      | Noticed Crazy Yiuf
  4845 | D:5      | Killed Crazy Yiuf
  4846 | D:5      | Reached skill level 1 in Throwing
  5984 | D:6      | Reached XP level 9. HP: 75/75 MP: 8/8
  6109 | D:6      | Found a snail-covered altar of Cheibriados.
  6109 | D:6      | Found a basalt altar of Yredelemnul.
  6549 | D:7      | Noticed Pikel
  6562 | D:7      | Killed Pikel
  6563 | D:7      | Reached skill level 5 in Shields
  6792 | D:7      | Found a stormy altar of Qazlal.
  6818 | D:7      | Found a shimmering altar of Xom.
  7373 | D:7      | Identified the +12 lajatang "Eviscerator" {distort, *Slow
                  | rN+ Int+4 Stlth+}
  7998 | D:7      | Reached skill level 10 in Maces & Flails
  8130 | D:7      | Noticed Joseph
  8178 | D:7      | Killed Joseph
  8179 | D:7      | Reached skill level 1 in Staves
  8555 | D:8      | Reached skill level 2 in Staves
  8555 | D:8      | Reached XP level 10. HP: 84/84 MP: 9/9
  8804 | D:8      | Noticed a death yak
  8809 | D:8      | Noticed a death yak
  8811 | D:8      | Killed a death yak
  8812 | D:8      | Reached skill level 4 in Staves
  8812 | D:8      | Reached skill level 1 in Unarmed Combat
  8814 | D:8      | Noticed a death yak
  8851 | D:8      | Killed a death yak
  8852 | D:8      | Reached skill level 5 in Staves
  8854 | D:8      | Killed a death yak
  8855 | D:8      | Reached skill level 6 in Staves
  8923 | D:8      | Noticed a death yak
  8923 | D:8      | Noticed a death yak
  8923 | D:8      | Noticed a death yak
  8923 | D:8      | Noticed a death yak
  8923 | D:8      | Noticed a death yak
  8937 | D:8      | Banished a death yak
  8938 | D:8      | Reached skill level 7 in Staves
  8938 | D:8      | Reached skill level 10 in Armour
  8942 | D:8      | Killed a death yak
  8943 | D:8      | Reached skill level 8 in Staves
  8943 | D:8      | Reached skill level 1 in Evocations
  8943 | D:8      | Killed a death yak
  8944 | D:8      | Reached XP level 11. HP: 44/94 MP: 10/10
  8953 | D:8      | Banished a death yak
  8954 | D:8      | Reached skill level 9 in Staves
  8955 | D:8      | Killed a death yak
  9250 | D:8      | Found a staircase to the Lair.
  9449 | D:8      | Reached skill level 10 in Staves
  9722 | Lair:1   | Entered Level 1 of the Lair of Beasts
  9794 | Lair:1   | Noticed Harold
  9802 | Lair:1   | Killed Harold
  9921 | Lair:1   | Noticed Maggie
  9934 | Lair:1   | Killed Maggie
 10031 | Lair:1   | Reached skill level 11 in Staves
 10054 | Lair:1   | Identified the +1 robe "Konemuh" {Str+4 Stlth+}
 10539 | Lair:1   | Reached skill level 12 in Staves
 11013 | Lair:2   | Noticed a thrashing horror
 11015 | Lair:2   | Found a transporter.
 11022 | Lair:2   | Noticed omnomnOMINOUS's ghost (journeyman OpWn)
 11022 | Lair:2   | Noticed a thrashing horror
 11022 | Lair:2   | Noticed a purple ugly thing
 11070 | Lair:2   | Found a one-way gate to the infinite horrors of the Abyss.
 11070 | Lair:2   | Noticed a thrashing horror
 11072 | Lair:2   | Noticed a cacodemon
 11158 | Lair:2   | Found a transporter.
 11168 | Lair:2   | Noticed a purple ugly thing
 11309 | Lair:2   | Reached XP level 12. HP: 106/106 MP: 11/11
 11460 | Lair:2   | Reached skill level 13 in Staves
 11674 | Lair:3   | Reached skill level 10 in Fighting
 11753 | Lair:3   | Noticed a six-headed hydra
 11762 | Lair:3   | Killed a nine-headed hydra
 11879 | Lair:3   | Found a dark tunnel.
 11891 | Volcano  | Entered a volcano
 12032 | Volcano  | Reached skill level 14 in Staves
 12095 | Volcano  | Noticed a fire dragon
 12106 | Volcano  | Killed a fire dragon
 12390 | Lair:3   | Noticed a five-headed hydra
 12396 | Lair:3   | Banished a seven-headed hydra
 12397 | Lair:3   | Reached skill level 15 in Staves
 12407 | Lair:3   | Noticed a six-headed hydra
 12408 | Lair:3   | Noticed a five-headed hydra
 12797 | Lair:3   | Killed an 11-headed hydra
 13039 | Lair:3   | Reached XP level 13. HP: 73/116 MP: 12/12
 13412 | Lair:3   | Upgraded the game from 0.29-a0-648-g6b26cc9f40 to
                  | 0.29-a0-664-gff9cad4a3d
 13449 | Lair:4   | Identified the +0 leather armour of the Stone Wall {Str+5}
 13545 | Lair:4   | Found a hole to the Spider Nest.
 13883 | Spider:1 | Entered Level 1 of the Spider Nest
 14588 | Spider:1 | Noticed an entropy weaver
 14593 | Spider:1 | Killed an entropy weaver
 14594 | Spider:1 | Reached skill level 5 in Throwing
 14637 | Spider:1 | Identified the +3 ring mail of Ysmuteo {Dex+4}
 14639 | Spider:1 | Noticed Mlioglotl
 14654 | Spider:1 | Noticed a starcursed mass
 14654 | Spider:1 | Demolished by Mlioglotl

Illustrated notes

Levels and vault maps discovered:
D:1:      minmay_arrival_stone_box, layout_loops_corners
D:2:      layout_basic, basic_altar, chequers_ecumenical_altar_grove,
          serial_undead, serial_undead_c, serial_undead_d, serial_undead_c,
          serial_undead_a, serial_undead_c, minmay_hexomino_r4, uniq_robin
D:3:      layout_loops_ring, minmay_unequal, uniq_jessica
D:4:      layout_basic, minmay_temple_entry_hall, serial_corexii_hall,
          corexii_hall_statues_l, corexii_hall_statues_i
D:5:      layout_cave_pods, uniq_edmund, uniq_grinder, uniq_crazy_yiuf_cottage
D:6:      layout_loops_ring, gammafunk_temple_overflow_statue
D:7:      layout_basic, mainiacjoe_overflow_swirl, uniq_pikel, uniq_joseph
D:8:      layout_basic, dpeg_lair_monsters, grunt_tough_drop
Lair:1:   layout_gridlike, uniq_harold, uniq_maggie
Lair:2:   layout_hall_layers, gammafunk_ghost_abyssal_escape
Lair:3:   layout_gridlike, enter_volcano_1, special_room [special_room_bee]
Lair:4:   layout_gridlike, elwin_shoals_entry_rooms,
          nicolae_spider_entry_tight_spaces, uniq_urug
Spider:1: layout_spider_delve, uniq_mlioglotl

Skill      XL: |  1  2  3  4  5  6  7  8  9 10 11 12 13 |
---------------+----------------------------------------+-----
Fighting       | 4 5 6 8 9 11 12 | 12.2
Maces & Flails | 4 5 6 7 8 10 | 10.2
Armour         | 3 4 7 8 9 10 11 12 13 | 13.7
Short Blades   | 1 2 |  2.3
Stealth        | 1 2 |  2.1
Dodging        | 3 4 |  4.7
Shields        | 2 4 6 |  6.5
Throwing       | 1 2 3 5 |  5.1
Staves         | 2 8 12 15 | 15.4
Unarmed Combat | 1 |  1.1
Evocations     | 1 |  1.2

Action                   |  1- 3 |  4- 6 |  7- 9 | 10-12 | 13-15 || total
-------------------------+-------+-------+-------+-------+-------++-------
Melee: Mace              |   103 |    28 |       |       |       ||   131
       Headbutt          |    15 |    26 |    35 |    37 |    17 ||   130
       Dagger            |       |   101 |     8 |       |       ||   109
       Flail             |       |    17 |   198 |       |       ||   215
       Punch             |       |     1 |       |       |       ||     1
       Lajatang          |       |       |    27 |   272 |    74 ||   373
       Unarmed           |       |       |    14 |       |       ||    14
Throw: Boomerang         |       |     2 |    10 |    13 |    66 ||    91
       Throwing net      |       |     1 |       |       |       ||     1
Invok: Berserk           |       |     5 |     9 |    17 |     7 ||    38
       Trog's Hand       |       |     2 |     7 |    14 |     4 ||    27
Evoke: Wand              |       |       |     2 |     3 |       ||     5
  Use: Scroll            |     3 |     4 |     9 |     7 |     4 ||    27
       Potion            |       |       |     2 |     6 |     2 ||    10
Armor: Animal skin       |     1 |       |       |       |       ||     1
       Chain mail        |    56 |    83 |   111 |    58 |       ||   308
       Skin              |       |       |     1 |       |       ||     1
       Plate armour      |       |       |       |    93 |    41 ||   134
Dodge: Dodged            |    40 |    58 |    82 |   185 |    55 ||   420
Block: Tower shield      |       |     5 |   164 |       |       ||   169

Table legend: (Time is in decaauts)
 A = Elapsed time spent in this place.
 B = Non-inter-level travel time spent in this place.
 C = Inter-level travel time spent in this place.
 D = Time resting spent in this place.
 E = Time spent auto-exploring this place.
 F = Levels seen in this place.
 G = Mean time per level.
                   A        B        C        D        E       F      G
               +--------+--------+--------+--------+--------+-----+--------+
         Total |  15011 |   7138 |   7873 |   2740 |   1708 |  14 | 1072.2 |
       Dungeon |   9988 |   4098 |   5890 |   1231 |   1263 |   8 | 1248.5 |
          Lair |   3877 |   2137 |   1740 |   1080 |    445 |   4 |  969.2 |
   Spider Nest |    793 |    551 |    242 |    428 |      0 |   1 |  793.0 |
       Volcano |    352 |    352 |      0 |      0 |      0 |   1 |  352.0 |
               +--------+--------+--------+--------+--------+-----+--------+

Top non-repeatable levels by time:
     D:7: 2192 daAuts
     D:2: 1477 daAuts
  Lair:3: 1420 daAuts
     D:5: 1382 daAuts
     D:8: 1346 daAuts
  Lair:1: 1248 daAuts
     D:1: 952 daAuts
     D:6: 918 daAuts
     D:4: 912 daAuts
     D:3: 806 daAuts
Spider:1: 793 daAuts
  Lair:2: 732 daAuts
  Lair:4: 476 daAuts
 Volcano: 352 daAuts
